Map: Frost LE

Players

Believe

  • Race: Zerg Zerg
  • League: Master

DatBoiNYK (NYK) - Winner!

  • Race: Zerg Zerg
  • League: Master

VOD

Have the link to the VOD?

Description

Time

  • Played on: July 15, 2016, 12:18 a.m.
  • Length: 15:00
Show
View Real Time Build Order
Export as new Build Order

Believe Zerg 

Build Orders: Pool First, Zergling Baneling 

Get SALT Encoding   

  12  0:01  Drone  
  13  0:20  Extractor  
  12  0:25  Spawning Pool  
  12  0:28  Drone  
  12  0:48  Drone  
  12  0:49  Overlord  
  13  1:11  Queen  
  13  1:14  Zergling x4  
  17  1:21  Metabolic Boost  
  17  1:29  Zergling x2  
  18  1:33  Zergling x2  
  19  1:41  Zergling x2  
  20  1:55  Baneling Nest  
  20  1:59  Zergling x4  
  21  2:11  Overlord  
  21  2:33  Zergling x4  
  21  2:34  Zergling x4  
  25  2:39  Baneling x2  
  25  2:42  Baneling  
  25  2:43  Baneling  
  25  2:56  Zergling x4  
  22  3:14  Zergling x2  
  22  3:15  Zergling x4  
  22  3:19  Baneling x2  
  23  3:28  Zergling x2  
  22  3:40  Zergling x6  
  23  3:45  Drone  
  24  3:49  Baneling x3  
  24  3:55  Drone  
  25  4:08  Baneling  
  25  4:15  Drone x4  
  23  4:29  Drone  
  23  4:36  Zergling x2  
  23  4:41  Hatchery  
  22  4:55  Queen  
  22  4:58  Baneling  
  22  4:59  Baneling  
  23  5:00  Drone  
  23  5:02  Drone  
  25  5:07  Drone  
  25  5:09  Zergling x2  
  25  5:13  Zergling x2  
  28  5:20  Drone  
  29  5:28  Drone  
  30  5:30  Overlord  
  29  5:49  Zergling x2  
  30  5:50  Drone  
  30  5:51  Drone  
  30  5:55  Drone x2  
  34  6:02  Drone x3  
  37  6:06  Drone  
  37  6:07  Lair  
  37  6:13  Drone  
  37  6:18  Baneling, Zergling x2  
  37  6:23  Extractor  
  37  6:24  Drone  
  37  6:25  Drone x2, Zergling x4  
  41  6:26  Zergling x2  
  41  6:32  Extractor  
  42  6:33  Overlord, Extractor  
  42  6:38  Overlord  
  41  6:40  Drone x2  
  43  6:49  Overlord  
  43  6:57  Drone x3  
  43  6:58  Drone x2  
  43  6:59  Drone  
  49  7:03  Zergling x2  
  50  7:11  Spire  
  49  7:25  Drone x4  
  49  7:26  Drone x2  
  49  7:29  Zergling x2  
  57  7:30  Zergling x6  
  57  7:36  Drone  
  60  7:48  Baneling x2  
  60  7:49  Spine Crawler  
  59  7:57  Baneling  
  58  7:59  Baneling  
  58  8:00  Baneling  
  57  8:07  Hatchery  
  51  8:26  Mutalisk  
  51  8:27  Mutalisk x6  
  50  8:28  Zergling x2  
  50  8:29  Zergling x10  
  50  8:32  Mutalisk  
  68  8:39  Evolution Chamber  
  39  9:00  Drone x3  
  29  9:10  Baneling  
  29  9:11  Drone x5  
  34  9:19  Drone  
  34  9:23  Drone  
  36  9:29  Drone  
  37  9:38  Drone  
  37  9:40  Drone  
  37  9:44  Drone  
  40  9:51  Drone  
  41  9:55  Queen  
  41  9:57  Drone  
  43  10:10  Zergling x2  
  43  10:11  Zergling x2  
  43  10:12  Zergling x2  
  40  10:31  Mutalisk  
  40  10:32  Mutalisk  
  43  10:38  Drone  
  43  10:40  Drone  
  45  10:43  Drone  
  45  10:46  Baneling  
  45  10:47  Baneling  
  45  10:49  Baneling  
  46  10:52  Drone  
  47  11:00  Drone x2  
  47  11:03  Zergling x2  
  50  11:09  Drone x2  
  52  11:15  Drone  
  52  11:18  Drone  
  54  11:21  Zergling x2  
  55  11:27  Drone x2  
  57  11:34  Mutalisk  
  57  11:38  Queen  
  61  11:47  Drone x3  
  61  11:48  Drone  
  61  11:50  Drone  
  61  11:52  Drone  
  67  11:57  Drone  
  67  12:14  Zergling x6  
  67  12:27  Zergling x2  
  67  12:28  Zergling x4  
  66  12:36  Drone x3  
  68  12:40  Overlord  
  67  12:53  Baneling x2  
  67  12:57  Queen  
  69  13:00  Drone x3  
  69  13:02  Drone  
  70  13:15  Drone x2  
  70  13:18  Mutalisk  
  74  13:25  Hatchery  
  73  13:30  Overlord  
  73  13:36  Mutalisk  
  75  13:43  Spore Crawler  
  75  13:46  Overlord  
  74  13:50  Mutalisk x3  
  74  13:51  Mutalisk  
  78  14:02  Mutalisk  
  73  14:18  Queen  
  73  14:19  Overlord  
  73  14:23  Overlord  
  75  14:35  Hatchery  
Show
View Real Time Build Order
Export as new Build Order

DatBoiNYK Zerg - Winner!

Build Orders: Hatch First 

Get SALT Encoding   

  12  0:01  Drone  
  13  0:13  Overlord  
  13  0:18  Drone  
  14  0:31  Drone  
  14  0:32  Drone  
  16  0:36  Drone  
  17  0:54  Hatchery  
  16  0:57  Drone  
  16  1:02  Drone  
  18  1:04  Extractor  
  17  1:17  Spawning Pool  
  16  1:20  Drone  
  16  1:23  Drone  
  18  1:31  Drone  
  19  1:40  Overlord  
  19  1:55  Drone  
  20  2:04  Queen  
  20  2:05  Zergling x2  
  20  2:06  Queen  
  25  2:08  Metabolic Boost  
  25  2:13  Drone  
  26  2:15  Drone  
  26  2:19  Drone  
  28  2:23  Zergling x2  
  29  2:32  Drone  
  30  2:44  Hatchery  
  30  2:49  Zergling x6  
  31  2:59  Baneling Nest  
  31  3:03  Zergling x6  
  29  3:12  Zergling x4  
  25  3:20  Zergling x2  
  21  3:33  Zergling x6  
  20  3:39  Queen x2  
  18  3:45  Baneling  
  18  3:48  Baneling  
  16  4:17  Drone x2  
  16  4:18  Drone  
  16  4:22  Baneling x2  
  19  4:26  Zergling x2  
  18  4:42  Zergling x4  
  19  4:56  Drone  
  19  5:08  Drone x2  
  22  5:14  Drone  
  22  5:19  Drone  
  23  5:27  Drone x2  
  23  5:44  Drone x3  
  23  5:45  Drone  
  23  5:47  Drone  
  27  6:00  Zergling x6  
  30  6:06  Zergling x4  
  32  6:19  Evolution Chamber  
  32  6:22  Baneling x2  
  31  6:27  Queen  
  31  6:30  Drone x2  
  31  6:31  Drone  
  36  6:41  Overlord  
  36  6:46  Zerg Melee Weapons Level 1  
  36  7:10  Zergling x16  
  36  7:12  Overlord  
  44  7:31  Zergling x2  
  44  7:32  Zergling x14  
  52  7:43  Baneling x7  
  52  7:45  Baneling  
  52  7:48  Overlord  
  50  8:03  Zergling x4  
  48  8:22  Zergling x14  
  53  8:28  Baneling  
  53  8:29  Baneling  
  53  8:34  Zergling x4  
  53  8:46  Zergling x2  
  53  8:47  Zergling x2  
  55  8:54  Zergling x4  
  50  8:58  Queen x2  
  47  9:03  Drone x2  
  47  9:10  Extractor  
  46  9:21  Drone x2  
  47  9:41  Drone x7  
  47  9:42  Lair  
  51  9:50  Spore Crawler, Queen  
  51  9:51  Overlord x2  
  52  9:59  Extractor  
  51  10:00  Spore Crawler  
  48  10:11  Drone x7  
  55  10:22  Overlord x2  
  55  10:23  Overlord  
  55  10:27  Extractor  
  53  10:34  Queen  
  53  10:35  Zergling x2  
  53  10:36  Zergling x6  
  57  10:45  Spire, Zergling x2  
  57  11:02  Zergling x8  
  61  11:12  Hatchery  
  60  11:24  Queen  
  62  11:27  Spore Crawler  
  61  11:33  Queen  
  64  11:47  Hatchery  
  64  11:48  Baneling x2  
  63  11:58  Mutalisk x6  
  73  12:14  Mutalisk x3  
  73  12:15  Mutalisk  
  79  12:23  Mutalisk  
  79  12:25  Mutalisk  
  81  12:39  Zerg Flyer Armor Level 1  
  81  12:40  Mutalisk  
  83  12:46  Baneling x2  
  83  12:49  Overlord  
  83  12:55  Overlord  
  82  13:01  Mutalisk x2  
  83  13:09  Zergling x2  
  83  13:10  Zergling x6  
  86  13:17  Mutalisk  
  88  13:20  Mutalisk  
  90  13:30  Mutalisk  
  90  13:32  Zergling x2  
  90  13:33  Zergling x4  
  95  13:38  Mutalisk  
  97  13:47  Zergling x2  
  97  13:48  Zergling x6  
  101  13:52  Mutalisk  
  103  14:00  Mutalisk  
  101  14:09  Drone x2  
  98  14:10  Drone x3  
  100  14:19  Mutalisk  
  100  14:24  Drone x3  
  105  14:32  Overlord  
  105  14:41  Overlord  
Tags
 
Add a new tag
Caveats
  • Supply blocks, unpowered buildings, or Contaminate may cause inaccurate times.
  • Supply counts are checked every 10 seconds.